 Dungeon Crawl Stone Soup version 0.20.1-1-g8b1a95d (webtiles) character file.

11588 equalderp2856 the Cleaver (level 11, -4/95 HPs)
             Began as a Minotaur Fighter on Oct 1, 2017.
             Slain by a salamander
             ... wielding a +0 trident
              (6 damage)
             ... in a volcano.
             The game lasted 00:18:27 (9682 turns).

equalderp2856 the Cleaver (Minotaur Fighter)        Turns: 9682, Time: 00:18:28

Health: -4/95      AC: 14    Str: 19    XL:     11   Next: 51%
Magic:  15/15      EV: 12    Int:  8    God:
Gold:   596        SH: 15    Dex: 15    Spells: 15/17 levels left

rFire    + + .     SeeInvis .   a - +0 war axe
rCold    + . .     Gourm    .   F - +3 shield
rNeg     . . .     Faith    .   w - +5 scale mail "Dog Gyxe" {rF+ Slay+3}
rPois    .         Spirit   .   (helmet restricted)
rElec    .         Reflect  .   (no cloak)
rCorr    .         Harm     .   (no gloves)
MR       .....                  P - +0 pair of boots
Stlth    ..........             (no amulet)
Regen    0.3/turn               E - +3 ring of dexterity
MPRegen  0.2/turn               L - ring of protection from fire

@: no status effects
A: retaliatory headbutt, horns 2, clever 1, cold resistance 1, weak 1
a: no special abilities


You were in a volcano.
You were very hungry.

You visited 2 branches of the dungeon, and saw 12 of its levels.
You also visited: Volcano.

You collected 596 gold pieces.

Inventory:

Hand Weapons
 a - a +0 war axe (weapon)
Armour
 w - the +5 scale mail "Dog Gyxe" (worn) {rF+ Slay+3}
   (You found it on level 4 of the Dungeon)

   It affects your accuracy and damage with ranged weapons and melee attacks
   (+3).
   It protects you from fire.
 F - a +3 shield (worn)
 P - a +0 pair of boots (worn)
Jewellery
 E - a +3 ring of dexterity (left hand)
 L - a ring of protection from fire (right hand)
Wands
 s - a wand of random effects (1/48)
 y - a wand of disintegration (16/24)
 D - a wand of flame (20/48)
 H - a wand of iceblast (0/15)
 I - a wand of random effects (37/48)
 M - a wand of paralysis (7/24)
 S - a wand of polymorph (8/24)
Scrolls
 e - 7 scrolls of identify
 h - 2 scrolls of recharging
 j - a scroll of amnesia
 p - a scroll of magic mapping
 q - 2 scrolls of fog
 t - 2 scrolls of immolation
 x - 2 scrolls of blinking
 B - 3 scrolls of remove curse
 K - 3 scrolls of teleportation
Potions
 d - a potion of might
 i - 3 potions of brilliance
 k - a potion of curing
 m - 3 potions of lignification
 r - 2 potions of haste
 z - 2 potions of flight
 J - a potion of degeneration {unknown}
 N - 3 potions of magic
Books
 o - a book of the Earth

   Spells                             Type                      Level
   a - Leda's Liquefaction            Hexes/Earth                  4
   b - Bolt of Magma                  Conjuration/Fire/Earth       5
   c - Statue Form                    Transmutation/Earth          6
   d - Iron Shot                      Conjuration/Earth            6
   e - Shatter                        Earth                        9
 v - a book of Maledictions

   Spells                             Type                      Level
   a - Corona                         Hexes                        1
   b - Ensorcelled Hibernation        Hexes/Ice                    2
   c - Confuse                        Hexes                        3
   d - Tukima's Dance                 Hexes                        3
   e - Dazzling Spray                 Conjuration/Hexes            3
 G - a book of Clouds

   Spells                             Type                      Level
   a - Poisonous Vapours              Poison/Air                   2
   b - Mephitic Cloud                 Conjuration/Poison/Air       3
   c - Conjure Flame                  Conjuration/Fire             3
   d - Freezing Cloud                 Conjuration/Ice/Air          6
   e - Ring of Flames                 Charms/Fire                  7
 O - a book of Air

   Spells                             Type                      Level
   a - Shock                          Conjuration/Air              1
   b - Swiftness                      Charms/Air                   2
   c - Static Discharge               Conjuration/Air              3
   d - Airstrike                      Air                          4
   e - Lightning Bolt                 Conjuration/Air              5
Comestibles
 f - 8 bread rations
 g - 4 meat rations
 l - 3 royal jellies
 Q - 3 fruits


   Skills:
 + Level 8.4 Fighting
 + Level 12.6 Axes
 + Level 9.1 Armour
 + Level 5.2 Dodging
 + Level 1.0 Stealth
 + Level 9.5 Shields
 * Level 3.7 Spellcasting
 * Level 3.1 Charms
 + Level 1.5 Evocations


You had 15 spell levels left.
You knew the following spells:

 Your Spells              Type           Power        Failure   Level  Hunger
a - Swiftness             Chrm/Air       #.......     77%         2    ###....


Dungeon Overview and Level Annotations

Branches:
Dungeon (11/15)            Temple (0/1) D:7            Lair (1/6) D:10
    Orc: D:9-12

Altars:
Dithmenos
Hepliaklqana
Kikubaaqudgha
Okawaru
Qazlal
Sif Muna
Trog
Yredelemnul
Zin
The Shining One

Annotations:
D:4 sasori113's ghost, amateur DsGl
D:11 simples's ghost, journeyman DrFE


Innate Abilities, Weirdness & Mutations

You reflexively headbutt those who attack you in melee.
You have a pair of horns on your head.
Your mind is acute. (Int +2)
Your flesh is cold resistant. (rC+)
You are weak. (Str -2)


Message History

You feel resistant to cold.
You feel weaker.
You feel clever. You block the salamander's attack.
It was a potion of cancellation.
Your magical effects are unravelling.
You feel magically purged.
You feel less wooden.
Your +0 pair of boots unmelds from your body.
The +5 scale mail "Dog Gyxe" {rF+ Slay+3} unmelds from your body.
You feel yourself slow down.
The salamander hits you but does no damage.
You block the salamander's attack. The salamander closely misses you.
Unknown command.
Unknown command.
Unknown command.
Unknown command.
You slice the salamander!!
The salamander is severely wounded.
The salamander hits you with a trident.
You die...

§≈## ##≈≈## ≈≈.#
##≈§≈§# §≈≈## #[§≈§§#
≈§..# ##!..≈≈## ≈..#
#%$$.≈≈§# §∩.#
#.).N)§§# ..## ##.N§#
§..# #N#### ≈.## ##@##
≈§##############..#
##.##....##..##...#
##...............#
##.....≈≈≈≈≈....#
#....≈≈≈≈≈≈≈§≈.....#
#....§≈≈§§≈≈≈≈§≈.....#
##....≈≈§§≈≈§§§≈≈....#
#.....≈≈≈§≈§≈≈≈≈≈≈...#


You could see a salamander (berserk).

Vanquished Creatures
  2 two-headed ogres
  The ghost of Frank the Covert, a journeyman OpFi of Dithmenos (D:9)
  A salamander mystic (Volcano)
  Psyche (D:9)
  A centaur skeleton (D:10)
  A gargoyle (D:9)
  A komodo dragon (Lair:1)
  Grinder (D:5)
  A hippogriff (D:10)
  A spriggan (D:7)
  17 yaks
  Eustachio (D:3)
  A basilisk (D:11)
  The ghost of sasori113 the Slasher, an amateur DsGl (D:3)
  Menkaure (D:5)
  A water moccasin (D:11)
  2 hell hounds (D:10)
  A black bear (D:9)
  4 orc warriors
  3 sky beasts
  3 ice beasts
  2 necrophages (D:7)
  3 ogres
  A phantom (D:10)
  5 centaurs
  Blork the orc (D:3)
  6 bullfrogs
  4 scorpions
  9 killer bees (D:7)
  3 wights
  2 howler monkeys
  3 crimson imps
  A bullfrog zombie (D:8)
  A quasit (D:8)
  2 jellies
  3 hounds
  2 bullfrog skeletons
  6 orc priests
  2 iguanas
  5 orc wizards
  4 worker ants
  A killer bee zombie (D:9)
  A hound skeleton (D:5)
  7 gnolls (D:5)
  10 adders
  3 shadow imps
  An ooze (D:2)
  2 worms
  A dart slug (D:1)
  4 leopard geckos
  22 orcs
  7 bats
  2 giant cockroaches
  4 goblins
  4 hobgoblins
  4 jackals
  7 kobolds
  3 quokkas
  4 frilled lizards
  A hobgoblin zombie (D:4)
  2 kobold skeletons (D:4)
  A kobold zombie (D:4)
  An orc skeleton (D:4)
  An orc zombie (D:4)
  A quokka zombie (D:9)
  6 rats
211 creatures vanquished.

Vanquished Creatures (others)
  A fungus (Lair:1)
1 creature vanquished.

Grand Total: 212 creatures vanquished

Notes
Turn   | Place    | Note
-------+----------+-------------------------------------------
     0 | D:1      | equalderp2856 the Minotaur Fighter began the quest for the Orb.
     0 | D:1      | Reached XP level 1. HP: 19/19 MP: 0/0
   186 | D:1      | Reached XP level 2. HP: 26/27 MP: 1/1
   536 | D:2      | Found a faded altar of an unknown god.
   573 | D:2      | Reached XP level 3. HP: 33/33 MP: 2/2
   645 | D:2      | Reached skill level 3 in Axes
   697 | D:2      | Reached XP level 4. HP: 38/40 MP: 3/3
  1139 | D:3      | Found a shadowy altar of Dithmenos.
  1246 | D:3      | Noticed sasori113's ghost (amateur DsGl)
  1284 | D:4      | Noticed sasori113's ghost (amateur DsGl)
  1299 | D:4      | Reached skill level 4 in Axes
  1299 | D:4      | Reached skill level 1 in Dodging
  1299 | D:4      | Reached XP level 5. HP: 47/47 MP: 4/4
  1303 | D:4      | Found a glowing golden altar of the Shining One.
  1331 | D:4      | Noticed Blork the orc
  1632 | D:4      | Noticed Eustachio
  1641 | D:4      | Noticed an ogre
  1945 | D:3      | Killed Eustachio
  1945 | D:3      | Reached skill level 5 in Shields
  1945 | D:3      | Reached XP level 6. HP: 41/55 MP: 5/5
  2036 | D:4      | Reached skill level 5 in Fighting
  2036 | D:4      | Reached skill level 5 in Axes
  2051 | D:3      | Reached skill level 5 in Armour
  2264 | D:4      | Reached XP level 7. HP: 38/61 MP: 6/6
  2308 | D:4      | Got a scorched scale mail
  2329 | D:4      | Identified the +5 scale mail "Dog Gyxe" {rF+ Slay+3} (You found it on level 4 of the Dungeon)
  2462 | D:4      | Found a bloodstained altar of Trog.
  2587 | D:3      | Killed Blork the orc
  2854 | D:3      | Killed sasori113's ghost
  2972 | D:3      | Found a stormy altar of Qazlal.
  3139 | D:5      | Entered Level 5 of the Dungeon
  3250 | D:5      | Reached skill level 6 in Axes
  3417 | D:5      | Reached XP level 8. HP: 65/69 MP: 7/7
  3530 | D:5      | Noticed Grinder
  3530 | D:5      | Paralysed by Grinder for 5 turns
  3557 | D:5      | Paralysed by Grinder for 2 turns
  3566 | D:5      | Killed Grinder
  3566 | D:5      | Reached skill level 7 in Axes
  3591 | D:5      | Noticed Menkaure
  3602 | D:5      | Killed Menkaure
  3893 | D:5      | Found a deep blue altar of Sif Muna.
  4190 | D:6      | Reached skill level 8 in Axes
  4836 | D:7      | Reached XP level 9. HP: 77/77 MP: 8/8
  4840 | D:7      | Reached skill level 9 in Axes
  4896 | D:7      | Found a staircase to the Ecumenical Temple.
  5590 | D:7      | Reached skill level 10 in Axes
  5602 | D:7      | Learned a level 2 spell: Swiftness
  5665 | D:7      | Found a basalt altar of Yredelemnul.
  5665 | D:7      | Found an iron altar of Okawaru.
  6087 | D:7      | Found a hazy altar of Hepliaklqana.
  6259 | D:7      | Reached skill level 1 in Spellcasting
  6324 | D:7      | Reached skill level 1 in Charms
  6432 | D:7      | Identified the +7 mace of Expedience {freeze, MR+ Int+5 Dex-2 Stlth+} (You found it on level 7 of the Dungeon)
  6577 | D:8      | Found an ancient bone altar of Kikubaaqudgha.
  6650 | D:8      | Noticed a two-headed ogre
  6682 | D:8      | Killed a two-headed ogre
  6682 | D:8      | Reached skill level 11 in Axes
  6682 | D:8      | Reached XP level 10. HP: 58/86 MP: 11/11
  7130 | D:8      | Found a glowing silver altar of Zin.
  7221 | D:9      | Noticed Psyche
  7226 | D:9      | Killed Psyche
  7226 | D:9      | Reached skill level 1 in Stealth
  7457 | D:9      | Noticed Frank's ghost (journeyman OpFi)
  7467 | D:9      | Killed Frank's ghost
  7909 | D:10     | Entered Level 10 of the Dungeon
  7909 | D:10     | Noticed a two-headed ogre
  7912 | D:10     | Noticed a gargoyle
  7916 | D:10     | Killed a two-headed ogre
  7926 | D:9      | Killed a gargoyle
  8139 | D:10     | Reached skill level 5 in Dodging
  8365 | D:10     | Found a staircase to the Lair.
  8379 | D:10     | Reached skill level 1 in Evocations
  8495 | D:10     | Reached XP level 11. HP: 63/94 MP: 14/14
  8769 | D:10     | Paralysed by an orc for 5 turns
  8860 | D:10     | Reached skill level 12 in Axes
  9233 | D:11     | Noticed simples's ghost (journeyman DrFE)
  9469 | Lair:1   | Entered Level 1 of the Lair of Beasts
  9520 | Lair:1   | Found a dark tunnel.
  9624 | Volcano  | Entered a volcano
  9654 | Volcano  | Noticed a salamander mystic
  9663 | Volcano  | Killed a salamander mystic
  9677 | Volcano  | HP: 1/142 [salamander/trident (7)]
  9678 | Volcano  | Gained mutation: Your flesh is cold resistant. (rC+) [potion of mutation]
  9678 | Volcano  | Gained mutation: You are weak. (Str -2) [potion of mutation]
  9678 | Volcano  | Gained mutation: Your mind is acute. (Int +2) [potion of mutation]
  9682 | Volcano  | Slain by a salamander

Skill      XL: |  1  2  3  4  5  6  7  8  9 10 11 |
---------------+----------------------------------+-----
Fighting       | 4 5 6 7 8 |  8.4
Shields        | 4 5 6 8 9 |  9.5
Armour         | 4 5 6 7 8 9 |  9.1
Axes           | 3 4 5 6 8 11 12 | 12.6
Dodging        | 1 2 3 4 5 |  5.2
Spellcasting   | 1 2 3 |  3.7
Charms         | 1 2 3 |  3.1
Stealth        | 1 |  1.0
Evocations     | 1 |  1.5

Action                   |  1- 3 |  4- 6 |  7- 9 | 10-12 || total
-------------------------+-------+-------+-------+-------++-------
Melee: War axe           |    73 |   106 |   303 |   180 ||   662
       Headbutt          |     6 |    14 |    64 |    61 ||   145
Evoke: Wand              |       |       |     2 |    17 ||    19
  Use: Scroll            |       |       |     1 |    13 ||    14
       Potion            |       |       |       |    11 ||    11
  Eat: Chunk             |       |     2 |    13 |     6 ||    21
       Royal jelly       |       |     1 |       |       ||     1
       Fruit             |       |       |     1 |     4 ||     5
Armor: Scale mail        |    31 |    42 |   104 |    44 ||   221
       Skin              |       |       |       |     3 ||     3
Dodge: Dodged            |    25 |    54 |    75 |    63 ||   217
Block: Shield            |    41 |    81 |   176 |   134 ||   432
